[Event "Early-Titled-Tuesday-Blitz-May-14-2024"]
[Site "Chess.com"]
[Date "2024.05.14"]
[Round "11"]
[White "ulises2013"]
[Black "DenLaz"]
[Result "0-1"]
[WhiteElo "2914"]
[BlackElo "3110"]
[TimeControl "180+1"]
[EndTime "10:07:41 PDT"]
[Termination "DenLaz won by resignation"]

1. e4 c5 2. g3 d5 3. exd5 Qxd5 4.
Nf3 Bg4 5. Bg2 Qe6+ 6. Kf1 Nc6 7. h3 Bh5 8. d3 Qd7 9. Na3 e6 10. Nc4 Bd6 11. Be3 Nf6 12. a4 Nd5 13. Qd2 O-O 14. Re1 Rad8 15. b3 f6 16. Kg1 Be7 17. Kh2 e5 18. g4 Bf7 19. Nh4 Be6 20. Qe2 Nd4 21. Bxd4 cxd4 22. Nf5 Nf4 23. Nxe7+ Qxe7 24. Qf3 Qc7 25.
Qg3 a6 26. a5 Bxc4 27. bxc4 Qxa5 28. Rb1 b5 29. Ra1 Qc3 30. cxb5 axb5 31. Ra7 Qxc2 32.
Be4 Qc5 33. Rb7 Rb8 34. Rxb8 Rxb8 35. g5 Qe7 36. gxf6 Qxf6 37. Ra1 b4 38. Qg4 b3 39.
Rb1 g6 40. Qd7 b2 41. Qc7 Rf8 42. Rxb2 Qe6 43. Bg2 Nxg2 44. Kxg2 Qf5 45. Qc6 Kg7 46. Rb7+ Kh6 47. Qc7 Qxf2+ 0-1

[Event "Early-Titled-Tuesday-Blitz-May-14-2024"]
[Site "Chess.com"]
[Date "2024.05.14"]
[Round "11"]
[White "vasblesk"]
[Black "WilsonPalencia21"]
[Result "1-0"]
[WhiteElo "2802"]
[BlackElo "2610"]
[TimeControl "180+1"]
[EndTime "10:07:41 PDT"]
[Termination "vasblesk won by resignation"]

1. c4 c5 2. Nf3 g6 3. g3 Bg7 4. Bg2 Nc6 5. O-O Nf6 6. Nc3 O-O 7. d4 d6 8. dxc5 dxc5 9. Bf4 Be6 10. Ne5 Nxe5 11.
Bxe5 Bxc4 12. Bxb7 Qxd1 13. Rfxd1 Rad8 14. Bc7 Rxd1+ 15. Rxd1 Ne8 16. Bf4 Bxc3 17. bxc3 Bxa2 18. Rd7 Nf6 19. Rxe7 Bd5 20. Ba6 Ra8 21. f3 Be6 22. e4 Nd7 23. Kf2 Nb6 24. Rc7 Na4 25. Be5 Kf8 26. Bb5 Nb6 27. Bd6+ Kg7 28. Bxc5 Rc8 29. Bd4+ Kf8 30. Rxa7 Nc4 31. g4 h6 32. h4 Nd6 33.
Ba6 Rc6 34. Bd3 Bc4 35. Ra8+ Ke7 36. Bxc4 Rxc4 37. Ke3 Rc8 38. Rxc8 Nxc8 39. Bc5+ Ke6 40. f4 f6 41. f5+ gxf5 42. gxf5+ Kd7 43. Kf4 h5 44. e5 fxe5+ 45. Kxe5 Kc6 46. f6 Kxc5 47. f7 Ne7 48. f8=Q 1-0

[Event "Early-Titled-Tuesday-Blitz-May-14-2024"]
[Site "Chess.com"]
[Date "2024.05.14"]
[Round "11"]
[White "Anu-triz"]
[Black "pfalcon1949"]
[Result "1-0"]
[WhiteElo "2265"]
[BlackElo "1924"]
[TimeControl "180+1"]
[EndTime "10:07:43 PDT"]
[Termination "Anu-triz won by checkmate"]

1. e4 e6 2. d4 d5 3. Bd3 c5 4. exd5 exd5 5. Nf3 c4 6. Be2 Bd6 7. c3 Ne7 8. O-O O-O 9. Re1 Bf5 10. Nbd2 Nbc6 11.
Nf1 b5 12. Ng3 Bg6 13. Bf1 a5 14. Ne5 b4 15. Bf4 Nxe5 16. Bxe5 f6 17. Bxd6 Qxd6 18. Qf3 Rab8 19. Nh5 Bxh5 20. Qxh5 bxc3 21. bxc3 Rb2 22. g3 Rfb8 23. Bh3 Ng6 24. Be6+ Kh8 25. Bxd5 Qa3 26. Qf3 Rxa2 27. Rab1 Rab2 28. Rxb2 Qxb2 29.
Bxc4 a4 30. Qe3 a3 31. Qe8+ Nf8 32. Qf7 Ne6 33. Rxe6 Qb1+ 34. Kg2 h5 35. Re8+ Rxe8 36. Qxe8+ Kh7 37. Qxh5# 1-0

[Event "Early-Titled-Tuesday-Blitz-May-14-2024"]
[Site "Chess.com"]
[Date "2024.05.14"]
[Round "11"]
[White "rasmussvane"]
[Black "GMG"]
[Result "1-0"]
[WhiteElo "2984"]
[BlackElo "2814"]
[TimeControl "180+1"]
[EndTime "10:07:44 PDT"]
[Termination "rasmussvane won on time"]

1. Nf3 Nf6 2. g3 b5 3. Bg2 Bb7 4. d4 e6 5. Bg5 d6 6. Qd3 a6 7. a4 b4 8. Nbd2 Nbd7 9. O-O h6 10. Bxf6 Nxf6 11. e4 Be7 12. c3 bxc3 13. bxc3 Rb8 14. Rfb1 O-O 15. e5 Nd7 16. Nc4 Bd5 17. exd6 cxd6 18.
Ne3 Bxf3 19. Bxf3 Qa5 20. Bc6 Nf6 21. d5 exd5 22. Nf5 Qc7 23. Qxa6 g6 24. Nxe7+ Qxe7 25. a5 Qc7 26. Rb7 Qd8 27. Qb5 Rc8 28. a6 Ne4 29.
Bxd5 Nxc3 30. Qd3 Qf6 31. Re1 Nxd5 32. Qxd5 Rc2 33. Rf1 Rc5 34. Qa2 Kg7 35. a7 1-0

[Event "Early-Titled-Tuesday-Blitz-May-14-2024"]
[Site "Chess.com"]
[Date "2024.05.14"]
[Round "11"]
[White "TitarovVasiliYouTube"]
[Black "Kors67"]
[Result "1-0"]
[WhiteElo "2625"]
[BlackElo "2304"]
[TimeControl "180+1"]
[EndTime "10:07:44 PDT"]
[Termination "TitarovVasiliYouTube won by resignation"]

1. Nf3 d5 2. g3 c5 3. Bg2 Nc6 4. O-O Nf6 5. d4 e6 6. c4 Be7 7.
cxd5 exd5 8. Nc3 O-O 9. Be3 c4 10. Ne5 Be6 11. b3 Qa5 12. Bd2 Bb4 13. Nxc6 bxc6 14.
Qc2 Bf5 15. Qxf5 Bxc3 16. Bxc3 Qxc3 17. bxc4 Qxd4 18. cxd5 cxd5 19. e3 Qa4 20. Bxd5 Nxd5 21. Qxd5 Rad8 22. Qb3 Qxb3 23. axb3 Rd3 24. Rxa7 Rxb3 25.
Rd1 g6 26. Rdd7 h5 27. Kg2 Rb5 28. h3 Rb6 29. Re7 Rf6 30. e4 Rb8 31. Ra3 Rb2 32. Rf3 Rxf3 33. Kxf3 Kf8 34. Ra7 Rb5 35. h4 Kg7 36.
Kf4 Kf6 37. e5+ Rxe5 38. Rxf7+ Ke6 39. Re7+ Kxe7 40. Kxe5 Kf7 41. f4 Ke7 42. f5 Kf7 43. fxg6+ Kxg6 44. Ke6 1-0

[Event "Early-Titled-Tuesday-Blitz-May-14-2024"]
[Site "Chess.com"]
[Date "2024.05.14"]
[Round "11"]
[White "MiguelBestard1981"]
[Black "AlexanderKing"]
[Result "1-0"]
[WhiteElo "2365"]
[BlackElo "2544"]
[TimeControl "180+1"]
[EndTime "10:07:44 PDT"]
[Termination "MiguelBestard1981 won on time"]

1. d4 Nf6 2. Bf4 g6 3. e3 Bg7 4. h3 O-O 5. Nf3 d6 6. Be2 Nfd7 7. O-O e5 8. Bh2 f5 9. c4 Qe7 10. Nc3 c6 11. b4 e4 12. Nd2 Rf7 13. a4 Nf6 14. a5 a6 15. b5 Nbd7 16. bxc6 bxc6 17. Qa4 Bb7 18. Rfb1 Nf8 19. Rb2 c5 20. Rab1 Bc8 21. Rb6 Ne8 22. Nd5 Qg5 23. Bf4 Qd8 24. dxc5 dxc5 25. Nb3 Ne6 26. Qc6 Raa7 27. Nxc5 Nxc5 28. Qxc5 Bf8 29. Qd4 Rad7 30. Rb8 Bd6 31. Bxd6 Rxd6 32. Qc5 Rfd7 33. Qxc8 1-0

[Event "Early-Titled-Tuesday-Blitz-May-14-2024"]
[Site "Chess.com"]
[Date "2024.05.14"]
[Round "11"]
[White "Raud100"]
[Black "emeli_chess"]
[Result "0-1"]
[WhiteElo "2349"]
[BlackElo "2433"]
[TimeControl "180+1"]
[EndTime "10:07:44 PDT"]
[Termination "emeli_chess won by resignation"]

1. d4 Nf6 2. c4 e6 3. Nc3 Bb4 4. Qc2 c5 5. dxc5 O-O 6. a3 Bxc5 7. b4 Be7 8. Nf3 b6 9. e3 Bb7 10. Be2 d6 11. O-O Nbd7 12. Bb2 a6 13. Rfd1 Qc7 14. Rac1 Rac8 15. Qb3 Qb8 16. Nd4 Bd8 17. f3 Bc7 18.
h3 d5 19. cxd5 exd5 20. Nf5 Rfe8 21. Bf1 b5 22. Ne2 Nb6 23. Bxf6 gxf6 24. Ned4 Nc4 25. Qd3 Kh8 26. Qe2 Re5 27. Qf2 Rg8 28. f4 Ree8 29. Re1 Rg6 30. Bd3 Reg8 31. Ne7 Rxg2+ 32. Qxg2 Rxg2+ 33. Kxg2 Nxe3+ 34. Rxe3 Bxf4 35. Rce1 Bxe3 36. Rxe3 Qf4 37. Nef5 h5 38. Re8+ Kh7 39. Re7 Bc8 40.
Rxf7+ Kg8 41. Rc7 Bxf5 42. Nxf5 Qd2+ 43. Kg1 Qxd3 44. Ne7+ Kf8 45. Rb7 Qe3+ 46. Kh2 Qxe7 47. Rxe7 Kxe7 0-1

[Event "Early-Titled-Tuesday-Blitz-May-14-2024"]
[Site "Chess.com"]
[Date "2024.05.14"]
[Round "11"]
[White "Dolphin_2010"]
[Black "Gryffindorac8"]
[Result "1-0"]
[WhiteElo "2637"]
[BlackElo "2515"]
[TimeControl "180+1"]
[EndTime "10:07:46 PDT"]
[Termination "Dolphin_2010 won by resignation"]

1. d4 Nf6 2. Bg5 d5 3. Bxf6 exf6 4. e3 Bd6 5. c4 dxc4 6. Bxc4 O-O 7. Nc3 f5 8. Qf3 c6 9. h3 Qb6 10. Nge2 Qxb2 11.
Rb1 Qa3 12. g4 f4 13. e4 b5 14.
Bb3 a5 15. e5 Bb4 16. O-O a4 17. Nxb5 cxb5 18. Qxa8 axb3 19. Qxa3 Bxa3 20. Rxb3 b4 21. Nxf4 Nc6 22. Rd1 Rd8 23. Rbd3 Ba6 24. R3d2 g6 25.
e6 Bc4 26. d5 Ne5 27. Kg2 fxe6 28. Nxe6 Rd6 29. Nc5 b3 30. Ne4 Rd8 31. axb3 Bxb3 32. Rb1 Bc4 33. Rb7 Nf7 34. Rd4 Ba2 35. Ra7 Bc5 36.
Nxc5 1-0

[Event "Early-Titled-Tuesday-Blitz-May-14-2024"]
[Site "Chess.com"]
[Date "2024.05.14"]
[Round "11"]
[White "chessfatbear"]
[Black "Mops_2004"]
[Result "0-1"]
[WhiteElo "2896"]
[BlackElo "2829"]
[TimeControl "180+1"]
[EndTime "10:07:47 PDT"]
[Termination "Mops_2004 won on time"]

1. e4 g6 2. d4 Bg7 3. Nf3 d6 4. Nc3 a6 5. a4 Nc6 6. Be3 Nf6 7.
h3 O-O 8. Be2 Re8 9. O-O e5 10.
dxe5 Nxe5 11. Nxe5 Rxe5 12. Bd3 Bd7 13. Re1 Bc6 14.
Bd4 Re8 15. Qf3 Nd7 16. Bxg7 Kxg7 17. Re3 a5 18. Bb5 Qg5 19. Rd1 Re7 20. Qg4 Qxg4 21. hxg4 Rh8 22. f3 h5 23. gxh5 Rxh5 24. Kf2 Nc5 25.
Bxc6 bxc6 26. b3 Na6 27. Ne2 Rc5 28. c3 Re8 29. Nd4 Rb8 30. Ke2 Rb6 31. g4 Re5 32.
f4 Re8 33. e5 Nc5 34. exd6 Rxe3+ 35. Kxe3 cxd6 36. Rb1 Nxa4 37. Ra1 Nxc3 38. Rxa5 c5 39. Nf3 Rxb3 0-1

[Event "Early-Titled-Tuesday-Blitz-May-14-2024"]
[Site "Chess.com"]
[Date "2024.05.14"]
[Round "11"]
[White "Gareth-Bale11"]
[Black "Evan_Attaker"]
[Result "1/2-1/2"]
[WhiteElo "2876"]
[BlackElo "2662"]
[TimeControl "180+1"]
[EndTime "10:07:50 PDT"]
[Termination "Game drawn - insufficient material"]

1. e4 c5 2. Nf3 d6 3. d4 cxd4 4. Nxd4 Nf6 5. Nc3 g6 6. Be3 Bg7 7. f3 O-O 8. Qd2 Nc6 9. O-O-O d5 10. exd5 Nxd5 11. Nxc6 bxc6 12. Bd4 e5 13. Bc5 Be6 14.
Ne4 Re8 15. h4 h5 16. Bc4 Nf4 17. Bxe6 Qxd2+ 18. Rxd2 Nxe6 19. Be3 f5 20. Nd6 Red8 21. Nc4 f4 22. Bf2 Rxd2 23. Kxd2 Bf6 24. Re1 Rd8+ 25.
Kc1 Rd5 26. Bxa7 Bxh4 27. Rxe5 Rxe5 28. Nxe5 g5 29. Nxc6 g4 30. fxg4 hxg4 31. a4 f3 32. gxf3 gxf3 33. Kd1 Nf4 34. a5 f2 35. Bxf2 Bxf2 36.
a6 Ne6 37. Ke2 Bb6 38. a7 Nc7 39. b4 Kf7 40. c4 Ke6 41. c5 Bxc5 42. bxc5 Kd5 43.
Nd8 Kxc5 44. Ne6+ Kb6 45. Nxc7 Kxa7 1/2-1/2

[Event "Early-Titled-Tuesday-Blitz-May-14-2024"]
[Site "Chess.com"]
[Date "2024.05.14"]
[Round "11"]
[White "KnightDuta"]
[Black "english_player_89"]
[Result "1-0"]
[WhiteElo "2735"]
[BlackElo "2611"]
[TimeControl "180+1"]
[EndTime "10:07:50 PDT"]
[Termination "KnightDuta won by checkmate"]

1. d4 d5 2. Bf4 Nf6 3. e3 c5 4. Nd2 Nc6 5. Ngf3 Bg4 6. Bb5 e6 7. c3 Be7 8. Qa4 Qb6 9. Ne5 Rc8 10. dxc5 Bxc5 11. Nb3 O-O 12. Bxc6 bxc6 13. Bg5 Ne4 14. Nd7 Qb5 15. Qxb5 cxb5 16. Nbxc5 Nxc5 17. Nxc5 f6 18. Nd7 Rf7 19. Nxf6+ gxf6 20. Bh4 b4 21.
cxb4 Rc2 22. O-O Rxb2 23. a3 Kg7 24. Rfc1 Be2 25. Rc6 e5 26. Rac1 Rb3 27. h3 Rxa3 28. R1c5 Ra1+ 29. Kh2 d4 30. exd4 exd4 31. Rd5 d3 32. Rd8 Rb1 33. Rcc8 Rxb4 34. Rg8+ Kh6 35. g4 Rb5 36. Bg3 Rb4 37. Rc5 Rg7 38. Rd8 Kg6 39. Rd6 Rf7 40. Bh4 Rb1 41. Rg5+ Kh6 42. Rg8 Bf3 43. Bg5# 1-0

[Event "Early-Titled-Tuesday-Blitz-May-14-2024"]
[Site "Chess.com"]
[Date "2024.05.14"]
[Round "11"]
[White "Flameboard08"]
[Black "Stanbad1"]
[Result "1-0"]
[WhiteElo "2706"]
[BlackElo "2601"]
[TimeControl "180+1"]
[EndTime "10:07:51 PDT"]
[Termination "Flameboard08 won by resignation"]

1. f4 d5 2. Nf3 g6 3. d3 c5 4. g3 Bg7 5. Bg2 Nc6 6. O-O Nf6 7. Nbd2 O-O 8. e4 dxe4 9. dxe4 a6 10. h3 b5 11. e5 Nd5 12. Ne4 c4 13. c3 e6 14. h4 Qb6+ 15. Kh2 Nce7 16. g4 Bb7 17. Nd6 Rfd8 18. Nd4 Rxd6 19. exd6 Qxd6 20. Ne2 Rd8 21. Qe1 e5 22. Qg3 f5 23. g5 e4 24. Be3 Nxe3 25.
Qxe3 Qd2 26. Qf2 e3 27. Qe1 Bxg2 28. Kxg2 Qxb2 29. Rd1 Rd2 30. Rxd2 exd2 31. Qd1 Nd5 32. Rf3 Bxc3 33. h5 Bd4 34. h6 Ne3+ 35. Rxe3 Bxe3 36.
Kg3 c3 37. Qh1 d1=Q 38. Qxd1 Qd2 39. Qh1 Bxf4+ 40. Nxf4 Qe3+ 41. Qf3 Qxf3+ 42. Kxf3 b4 43. Ke3 a5 44. Kd3 a4 45. Nd5 b3 46. axb3 axb3 47.
Kxc3 Kf7 48. Nf4 Ke7 49. Kxb3 Kd6 50. Nxg6 Ke6 51. Nf4+ Ke5 52. g6 Kf6 53. gxh7 1-0

[Event "Early-Titled-Tuesday-Blitz-May-14-2024"]
[Site "Chess.com"]
[Date "2024.05.14"]
[Round "11"]
[White "Maria_Elayza"]
[Black "MathiasWomacka"]
[Result "0-1"]
[WhiteElo "2285"]
[BlackElo "2515"]
[TimeControl "180+1"]
[EndTime "10:07:51 PDT"]
[Termination "MathiasWomacka won by resignation"]

1. d4 Nf6 2. Bf4 c5 3. c3 e6 4. e3 d5 5. Nd2 Bd6 6. Bg3 O-O 7. Ngf3 Qc7 8. Bb5 a6 9. Ba4 b5 10. Bc2 Nbd7 11. O-O Bb7 12. Qe2 e5 13. dxe5 Nxe5 14.
Nxe5 Bxe5 15. Bxe5 Qxe5 16. Nf3 Qh5 17. Rad1 Rfe8 18. a4 Bc6 19. axb5 axb5 20. Qd3 Ra2 21. Rb1 Ne4 22. Nd2 Nd6 23. Bd1 Qg6 24. Qxg6 hxg6 25. Bb3 Ra7 26. Ra1 Rea8 27. Rxa7 Rxa7 28. h3 Kf8 29. Rd1 Ke7 30. Nf3 Nc4 31. Bxc4 bxc4 32. Ne5 Ba8 33. e4 Ke6 34. f4 g5 35. exd5+ Bxd5 36. g3 gxf4 37. gxf4 g5 38. Re1 Kf5 39. Rd1 Be6 40. Nc6 Ra2 41. Rd2 Kxf4 42. Kf2 Bxh3 43. Nd8 f6 44. Nb7 Bf5 45. Nxc5 g4 46. Rd4+ Kg5 47.
Rd2 Kh4 48. Nb7 g3+ 49. Kf3 Bg4+ 50. Kf4 Ra1 51. Nd6 Rf1+ 52. Ke4 Rf2 53. Rc2 Rxc2 0-1

[Event "Early-Titled-Tuesday-Blitz-May-14-2024"]
[Site "Chess.com"]
[Date "2024.05.14"]
[Round "11"]
[White "Nouali_Mohamed"]
[Black "RobertoJBM"]
[Result "0-1"]
[WhiteElo "2609"]
[BlackElo "2848"]
[TimeControl "180+1"]
[EndTime "10:07:54 PDT"]
[Termination "RobertoJBM won by resignation"]

1. e4 c6 2. d4 d5 3. e5 Bf5 4. Nc3 e6 5. g4 Bg6 6. Nge2 f6 7. h4 fxe5 8. h5 Bf7 9. dxe5 Nd7 10. f4 c5 11. Bg2 Ne7 12. O-O g6 13. Nb5 Nc6 14.
f5 gxf5 15. gxf5 Bxh5 16. fxe6 Ndxe5 17. Bf4 Rg8 18. e7 Bxe7 19. Qxd5 Qxd5 20. Nc7+ Kd7 21. Nxd5 Bxe2 22. Rf2 Bf3 23. Kf1 Bxg2+ 24. Rxg2 Rxg2 25. Kxg2 Rg8+ 26. Kf1 Rf8 27. Rd1 Ng6 28. Kg1 Nxf4 29. Nxf4+ Bd6 30. Ng2 Nd4 31. c3 Nf3+ 32. Kh1 Re8 33.
Rf1 Nd2 34. Rf7+ Re7 35. Rxe7+ Kxe7 36. Ne3 Ke6 37. Kg2 Bf4 38. Nc2 Kf5 39. b3 b5 40. c4 b4 41. Kf2 Ke4 42. Ke2 Nf3 43. Kd1 Kd3 44. a3 Kc3 45. axb4 cxb4 46. c5 Nd4 47. Nxd4 Kxd4 48. c6 Bc7 49. Ke2 a5 50. Kf3 0-1

[Event "Early-Titled-Tuesday-Blitz-May-14-2024"]
[Site "Chess.com"]
[Date "2024.05.14"]
[Round "11"]
[White "DenisQ"]
[Black "Szparu"]
[Result "0-1"]
[WhiteElo "2729"]
[BlackElo "2861"]
[TimeControl "180+1"]
[EndTime "10:07:58 PDT"]
[Termination "Szparu won on time"]

1. Nf3 d5 2. c4 e6 3. b3 d4 4. e3 c5 5. exd4 cxd4 6. g3 Nc6 7. Bg2 Nf6 8. O-O Bd6 9. Re1 O-O 10. Ba3 Re8 11. Bxd6 Qxd6 12. d3 e5 13. a3 a5 14. Nbd2 Bf5 15. Qc2 h6 16. Nh4 Bh7 17.
Ne4 Qd8 18. Nxf6+ Qxf6 19. Be4 Bxe4 20. Rxe4 g6 21. Rae1 Qd6 22. Qc1 Kh7 23. Nf3 Kg7 24. h4 Re6 25. R4e2 Rae8 26. h5 g5 27. g4 f5 28.
gxf5 Rf6 29. c5 Qd5 30. Nd2 Rxf5 31. Qc4 Qd7 32. Ne4 Rf4 33. Ng3 Ref8 34. b4 Qh3 35. Qd5 axb4 36. axb4 Rd8 37. Qg2 Qxg2+ 38. Kxg2 Nxb4 39. Rxe5 Nxd3 40. Re7+ Rf7 41. Nf5+ Kf8 42. Rxf7+ Kxf7 43. Nxh6+ Kf6 44. Rb1 Nxc5 45. Ng4+ Kf5 46. Kg3 Ne4+ 47. Kh3 Rh8 48. Rb5+ Kf4 0-1

[Event "Early-Titled-Tuesday-Blitz-May-14-2024"]
[Site "Chess.com"]
[Date "2024.05.14"]
[Round "11"]
[White "Yan_Dyomin2010"]
[Black "Mikhail_Golubev"]
[Result "1-0"]
[WhiteElo "2693"]
[BlackElo "2557"]
[TimeControl "180+1"]
[EndTime "10:07:58 PDT"]
[Termination "Yan_Dyomin2010 won by checkmate"]

1. e4 c5 2. Nf3 d6 3. d4 cxd4 4. Qxd4 a6 5. Bc4 Nc6 6. Qd3 g6 7. Nc3 Bg7 8. Bf4 Nf6 9. O-O-O O-O 10. Rhe1 Nd7 11. Qd2 b5 12. Bb3 Bb7 13. Bh6 Rc8 14. Bxg7 Kxg7 15. Kb1 b4 16. Nd5 a5 17. h4 Nc5 18. h5 a4 19. Bc4 e6 20. hxg6 hxg6 21. Nxb4 Nxb4 22. Qxb4 Bxe4 23. Rxe4 Nxe4 24. Ba6 Nc3+ 25.
bxc3 Rb8 26. Bb5 d5 27. Ka1 Qf6 28. Nd4 Qxf2 29. Qxa4 Rfc8 30. Ne2 Qc5 31. Bd3 e5 32. Rf1 e4 33. Qd7 Rc7 34. Rxf7+ Kh6 35. Qh3+ Kg5 36. Qg3+ Kh6 37. Qh4# 1-0

[Event "Early-Titled-Tuesday-Blitz-May-14-2024"]
[Site "Chess.com"]
[Date "2024.05.14"]
[Round "11"]
[White "Arhan_Anand"]
[Black "HeroWilczek"]
[Result "1-0"]
[WhiteElo "2637"]
[BlackElo "2538"]
[TimeControl "180+1"]
[EndTime "10:07:58 PDT"]
[Termination "Arhan_Anand won by resignation"]

1. d4 Nf6 2. c4 c5 3. d5 b5 4. cxb5 a6 5. bxa6 Bxa6 6. Nc3 g6 7. Nf3 Bg7 8. e4 Bxf1 9. Kxf1 d6 10. g3 O-O 11. Kg2 Nbd7 12. a4 Qa5 13. Qc2 Rfb8 14.
Bd2 Qb4 15. Rhb1 Qb3 16. Qxb3 Rxb3 17. Be1 Ng4 18. Nd1 Nge5 19. Nd2 Rb7 20. Ra3 Nb6 21.
b3 Nd3 22. Ne3 Bc3 23. Kf1 Nxe1 24. Kxe1 Nxa4 25. Ke2 Bxd2 26. Kxd2 Nb6 27. Rba1 Rxa3 28. Rxa3 Kg7 29. Kc3 Nd7 30. Nc4 g5 31. f3 h5 32. Kd3 Kf6 33. Nd2 Ne5+ 34. Ke3 Rb4 35. Ra4 Rb7 36. h3 e6 37. f4 gxf4+ 38. gxf4 Ng6 39. Ra6 Ke7 40. dxe6 fxe6 41. Ra8 h4 42. f5 exf5 43. exf5 Ne5 44. Kf4 Kf6 45. Ne4+ Ke7 46. f6+ Kd7 47. Nxc5+ dxc5 48. Kxe5 1-0

[Event "Early-Titled-Tuesday-Blitz-May-14-2024"]
[Site "Chess.com"]
[Date "2024.05.14"]
[Round "11"]
[White "AryanTari"]
[Black "the_chess_child"]
[Result "0-1"]
[WhiteElo "3040"]
[BlackElo "2911"]
[TimeControl "180+1"]
[EndTime "10:07:59 PDT"]
[Termination "the_chess_child won on time"]

1. e4 c5 2. Nf3 e6 3. d4 cxd4 4. Nxd4 Nf6 5. Nc3 Nc6 6. Qd3 d5 7. exd5 Nb4 8. Qg3 Nfxd5 9. Bb5+ Bd7 10. O-O a6 11. Bxd7+ Qxd7 12. Rd1 Nxc2 13. Rb1 Nxd4 14. Rxd4 Bc5 15. Nxd5 Bxd4 16. Nc7+ Ke7 17. Nxa8 Rxa8 18. Bg5+ Kf8 19. h4 Rc8 20. Be3 Bxe3 21. Qxe3 Qd5 22. a3 Rc2 23. Qb6 f6 24. Re1 Kf7 25. g3 e5 26. h5 Qc6 27. Qb4 Qc5 28. Qb3+ Kf8 29. Qf3 Rxb2 30. h6 Kf7 31. hxg7 Kxg7 32. Rd1 h5 33. Rd7+ Kg6 34. Qd3+ f5 35. Qf3 Qc1+ 36. Kg2 e4 37. Rd6+ Kg5 0-1

[Event "Early-Titled-Tuesday-Blitz-May-14-2024"]
[Site "Chess.com"]
[Date "2024.05.14"]
[Round "11"]
[White "MrLion3000"]
[Black "viktorgen2021"]
[Result "0-1"]
[WhiteElo "2784"]
[BlackElo "2559"]
[TimeControl "180+1"]
[EndTime "10:07:59 PDT"]
[Termination "viktorgen2021 won by checkmate"]

1. d4 Nf6 2. c4 g6 3. Nc3 Bg7 4. e4 O-O 5. Be2 d6 6. Be3 Na6 7. Nf3 c6 8. h3 Qc7 9. g4 e5 10.
d5 Nc5 11. Nd2 a5 12. g5 Ne8 13. h4 f5 14. gxf6 Nxf6 15. h5 gxh5 16. Bxh5 Nd3+ 17.
Kf1 Nf4 18. Bf3 Kh8 19. Qc2 Bh3+ 20. Ke1 Bg2 21. Rg1 Bxf3 22. Nxf3 Qf7 23. Bxf4 exf4 24. Ng5 Qh5 25. Ne6 Bh6 26. Nxf8 Rxf8 27. Qd3 Qh2 28. Ke2 Qh5+ 29. Qf3 Qe5 30. Rh1 Bg7 31.
Rag1 cxd5 32. cxd5 b5 33. Kf1 b4 34. Nd1 Nxe4 35.
Qg4 Nd2+ 36. Kg2 f3+ 37. Kh3 Ne4 38. Qd7 Qh5# 0-1

[Event "Early-Titled-Tuesday-Blitz-May-14-2024"]
[Site "Chess.com"]
[Date "2024.05.14"]
[Round "11"]
[White "DerKnipser"]
[Black "dinushkipremanath"]
[Result "1-0"]
[WhiteElo "2360"]
[BlackElo "2152"]
[TimeControl "180+1"]
[EndTime "10:08:00 PDT"]
[Termination "DerKnipser won by resignation"]

1. e4 e6 2. d4 d5 3. Nc3 Nf6 4. exd5 exd5 5. Bd3 Bd6 6. Nge2 Nc6 7. Bg5 Ne7 8. Bxf6 gxf6 9. Qd2 c6 10. Qh6 Ng6 11.
h4 Bf8 12. Qe3+ Qe7 13. Qf3 h5 14. O-O-O Bg4 15. Qg3 O-O-O 16. f3 Qe3+ 17. Kb1 Bd6 18. Qe1 Bd7 19. Qf1 f5 20. Re1 Rde8 21. Nd1 Qd2 22. Nec3 Rxe1 23. Qxe1 Qxg2 24. Ne3 Qxf3 25. Rf1 Qg3 26.
Nxf5 Qxe1+ 27. Rxe1 Bb4 28. a3 Bxc3 29. bxc3 Bxf5 30. Bxf5+ Kd8 31. Bxg6 fxg6 32. Rg1 Rg8 33. Kc1 Ke7 34. Kd2 Kf6 35. Rf1+ Kg7 36. Kd3 Rf8 37. Re1 Rf3+ 38. Kd2 Kf7 39. Rh1 Rf4 40. Ke3 Re4+ 41. Kd3 Ke6 42. c4 Kf5 43. cxd5 cxd5 44. c4 Rf4 45. cxd5 Rf3+ 46. Kc4 Rxa3 47. Rf1+ Kg4 48.
d6 Ra4+ 49. Kd5 Ra5+ 50. Ke6 Ra6 51. Ke7 Kxh4 52. d7 Ra2 53. d8=Q Re2+ 54. Kf8+ g5 55. Rf5 Rg2 56. d5 Kg4 57. Rxg5+ 1-0

[Event "Early-Titled-Tuesday-Blitz-May-14-2024"]
[Site "Chess.com"]
[Date "2024.05.14"]
[Round "11"]
[White "tandaleo"]
[Black "Buzhizhebuguai"]
[Result "0-1"]
[WhiteElo "2601"]
[BlackElo "2769"]
[TimeControl "180+1"]
[EndTime "10:08:02 PDT"]
[Termination "Buzhizhebuguai won by resignation"]

1. b3 d5 2. Bb2 Bf5 3. Nf3 c6 4. e3 e6 5. Be2 Nf6 6. Nh4 Bg6 7. d3 Nbd7 8. Nd2 Bd6 9. Nxg6 hxg6 10. h3 a5 11. a3 e5 12. O-O g5 13. e4 d4 14.
Nc4 Bc7 15. Bc1 Nh7 16. a4 Ndf8 17. Bg4 Ng6 18. g3 Nhf8 19. Kg2 Ne6 20. Bxe6 fxe6 21.
Qg4 Qd7 22. Bxg5 Qf7 23. f4 exf4 24. gxf4 b5 25. axb5 cxb5 26. Nd2 O-O 27. f5 Ne5 28. Qh4 Qd7 29. fxe6 Qxe6 30. Rxf8+ Rxf8 31. Rf1 Rxf1 32.
Nxf1 a4 33. bxa4 bxa4 34. Bc1 Qg6+ 35. Ng3 Qc6 36. c4 Nxd3 37. Ba3 Qxc4 38. Qg4 Nf4+ 39. Kg1 Qe6 40. Nf5 g6 41. Ne7+ Kf7 42. Qxe6+ Kxe6 43. Nd5 Nxd5 44. exd5+ Kxd5 45. Kf2 Bd6 0-1

[Event "Early-Titled-Tuesday-Blitz-May-14-2024"]
[Site "Chess.com"]
[Date "2024.05.14"]
[Round "11"]
[White "dianamirza"]
[Black "ItsCheckM8Mate"]
[Result "0-1"]
[WhiteElo "1948"]
[BlackElo "2230"]
[TimeControl "180+1"]
[EndTime "10:08:02 PDT"]
[Termination "ItsCheckM8Mate won by resignation"]

1. e4 e5 2. Nf3 Nc6 3. Nc3 Nf6 4. g3 Bc5 5. Bg2 d6 6. O-O O-O 7. d3 h6 8. Na4 Qe7 9. Nxc5 dxc5 10. h3 b6 11. Kh2 Be6 12. Be3 Rad8 13. Qd2 Nxe4 14. Qe2 Nf6 15. Ng5 Nd5 16. Nxe6 Qxe6 17. Bd2 Nd4 18.
Qd1 Rfe8 19. c3 Nc6 20. Qf3 Nde7 21. Rae1 Qd6 22. Qg4 Ng6 23. h4 Kh8 24. h5 Nge7 25. Re3 Nd5 26. Rf3 Nf6 27. Qh4 e4 28. Re3 exd3 29.
Rf3 Ne5 30. Rf5 Qe6 31. Bh3 Qxf5 32. Bxf5 Nf3+ 33. Kh3 Nxh4 34. Kxh4 Re2 35. Rd1 Ne4 36. Bxe4 Rxe4+ 37. g4 Re2 38. Be3 Rxb2 39. f4 Rxa2 40. g5 hxg5+ 41. fxg5 Re2 42. Bd2 c4 43. Kg4 Rde8 44.
Bf4 R8e4 45. h6 Rf2 0-1

[Event "Early-Titled-Tuesday-Blitz-May-14-2024"]
[Site "Chess.com"]
[Date "2024.05.14"]
[Round "11"]
[White "rpragchess"]
[Black "snowlord"]
[Result "0-1"]
[WhiteElo "3096"]
[BlackElo "2959"]
[TimeControl "180+1"]
[EndTime "10:08:05 PDT"]
[Termination "snowlord won by resignation"]

1. Nf3 c5 2. g3 Nc6 3. Bg2 g6 4. O-O Bg7 5. c4 d6 6. Nc3 e6 7. e3 Nge7 8. d4 O-O 9. d5 exd5 10. cxd5 Na5 11. e4 Bg4 12. h3 Bxf3 13. Qxf3 Rb8 14. Qe2 a6 15. f4 b5 16. f5 Bd4+ 17. Kh2 f6 18. Qd3 Nc4 19. Ne2 Bxb2 20. Bxb2 Nxb2 21. Qc3 Na4 22. Qe3 g5 23. h4 h6 24. Rad1 Kg7 25. e5 dxe5 26. d6 Nc8 27. d7 Ncb6 28. Bc6 Qe7 29.
Qf3 Rfd8 30. hxg5 hxg5 31. Kg2 e4 32. Qg4 Nc4 33. Qh5 Ne3+ 34. Kg1 Qf7 35. Qh1 Nxf1 36. Kxf1 Nb2 37. Rd6 Nc4 38. Re6 Rh8 39. Qxh8+ Rxh8 40. Re8 Qh5 41. d8=Q Qf3+ 0-1

[Event "Early-Titled-Tuesday-Blitz-May-14-2024"]
[Site "Chess.com"]
[Date "2024.05.14"]
[Round "11"]
[White "David_Arutinian"]
[Black "sergoy"]
[Result "0-1"]
[WhiteElo "2849"]
[BlackElo "3011"]
[TimeControl "180+1"]
[EndTime "10:08:06 PDT"]
[Termination "sergoy won by resignation"]

1. Nf3 d5 2. e3 Nf6 3. c4 c6 4. Nc3 Nbd7 5. cxd5 cxd5 6. d4 a6 7. Bd3 e6 8. O-O Bd6 9. Qe2 e5 10. e4 O-O 11. dxe5 Nxe5 12. Nxe5 Bxe5 13. Nxd5 Nxd5 14. exd5 Qxd5 15. Qe4 Qxe4 16. Bxe4 Rb8 17. Be3 Be6 18. a4 b5 19. axb5 axb5 20. Rab1 b4 21. b3 Rbc8 22. Rfc1 Rc3 23. Rxc3 Bxc3 24. Kf1 f5 25. Bd3 Rd8 26. Bb5 Ra8 27. Ke2 Kf7 28. Kd3 Rd8+ 29. Ke2 h6 30. g3 g5 31. Bc4 Bxc4+ 32. bxc4 Ke6 33. h3 Ra8 34. Kd3 Ra3 35. Kc2 Ra2+ 36. Kd3 Kd6 37. Bd4 Rd2+ 38. Ke3 Rxd4 39. h4 gxh4 40. gxh4 Kc5 41.
f3 Kxc4 0-1